 Dungeon Sprint DCSS version 0.22.1-2-g9c5b331 (webtiles) character file.

8670 diana the Unseen (level 10, -1/104 HPs)
             Began as a Demigod Gladiator on Nov 28, 2018.
             Slain by an eight-headed hydra (15 damage)
             ... in the Dungeon (Sprint IX: "|||||||||||||||||||||||||||||").
             The game lasted 00:09:49 (4272 turns).

diana the Unseen (Demigod Gladiator)                Turns: 4272, Time: 00:09:50

Health: -1/104     AC:  9    Str: 22    XL:     10   Next: 89%
Magic:  13/13      EV: 13    Int: 14    God:
Gold:   1299       SH:  0    Dex: 23    Spells: 9/9 levels left

rFire    . . .     SeeInvis +   E - +4 quick blade
rCold    . . .     Gourm    .   (no shield)
rNeg     . . .     Faith    .   I - +2 leather armour {MR+}
rPois    .         Spirit   .   c - +0 helmet
rElec    .         Reflect  .   r - +0 cloak
rCorr    .         Harm     .   B - +0 pair of gloves
MR       +++..     NoTele   +   q - +0 pair of boots
Stlth    ++++++....             (no amulet)
HPRegen  0.27/turn              t - +3 ring of strength
MPRegen  0.13/turn              F - ring of see invisible

@: slowed, very slow
A: fangs 1, clever 1, high mp 1, magic resistance 1, strong 1
a: no special abilities


You were in the Dungeon.
You were very hungry.

You visited 1 branch You collected 1757 gold pieces.
You spent 458 gold pieces at shops.

Inventory:

Hand Weapons
 p - a +2 rapier of distortion
 E - a +4 quick blade (weapon)
Missiles
 d - 3 throwing nets (quivered)
Armour
 a - +0 acid dragon scales
 b - a +0 leather armour
 c - a +0 helmet (worn)
 q - a +0 pair of boots (worn)
 r - a +0 cloak (worn)
 s - a +0 plate armour
 B - a +0 pair of gloves (worn)
 I - a +2 leather armour of magic resistance (worn)
Jewellery
 t - a +3 ring of strength (left hand)
 u - a +3 ring of intelligence
 D - an uncursed ring of ice
 F - a ring of see invisible (right hand)
 G - an uncursed ring of protection from magic
Wands
 f - a wand of iceblast (10)
 o - a wand of acid (5)
Scrolls
 k - 3 scrolls of blinking
 m - 5 scrolls of remove curse
 n - 2 scrolls of amnesia
 y - a scroll of identify
 z - 6 scrolls of enchant armour
 A - a scroll of fear
 C - 2 scrolls of enchant weapon
 H - a scroll of fog
Potions
 e - 5 potions of curing
 g - 7 potions of heal wounds
 h - 4 potions of haste
 i - 4 potions of magic
 j - a potion of berserk rage
 l - a potion of invisibility
 v - 2 potions of agility
 w - a potion of might
 J - a potion of brilliance
Comestibles
 x - 9 rations


   Skills:
 + Level 14.3 Fighting
 - Level 14.1 Short Blades
 - Level 1.7 Throwing
 - Level 2.6 Dodging
 + Level 15.3 Stealth


You had 9 spell levels left.
You didn't know any spells.
Your spell library was empty.

Dungeon Overview and Level Annotations

Branches:
Dungeon (1/1)

Shops:
D ((*?


Innate Abilities, Weirdness & Mutations

You have an increased reservoir of magic. (+10% MP)
You have very sharp teeth.
Your mind is acute. (Int +2)
You are resistant to hostile enchantments. (MR+)
Your muscles are strong. (Str +2)


Message History

The eight-headed hydra barely misses you.
The eight-headed hydra closely misses you.
The eight-headed hydra misses you.
The eight-headed hydra barely misses you.
The eight-headed hydra bites you but does no damage.
The eight-headed hydra bites you. x2
A deep troll shaman comes into view.
The eight-headed hydra bites you. The eight-headed hydra bites you! x3
The eight-headed hydra completely misses you.
The eight-headed hydra bites you! The eight-headed hydra bites you.
The eight-headed hydra bites you!
* * * LOW HITPOINT WARNING * * *
The eight-headed hydra bites you.
* * * LOW HITPOINT WARNING * * *
The eight-headed hydra bites you but does no damage.
The eight-headed hydra barely misses you.
The eight-headed hydra bites you!
* * * LOW HITPOINT WARNING * * *
The eight-headed hydra bites you!
You die...

▓_▓.▓'▓.▓.▓.▓.▓
▓_▓.▓.▓.▓.▓.▓.▓
▓_▓.▓.▓.▓.▓.▓)▓
▓_▓.▓.▓.▓.▓.▓.▓
▓_▓.▓.▓.▓.▓.▓.▓
▓_▓.▓.▓.▓.▓.▓.▓
▓_▓.▓.▓.▓)▓.▓.▓
▓_▓.▓.▓.▓)▓.▓.▓
▓_▓.▓.▓.▓)▓.▓@▓
▓_▓.▓.▓.▓'▓.▓D▓
▓'▓.▓'▓.▓)▓.▓.▓
▓.▓.▓.▓.▓)▓.▓'▓
▓.▓.▓.▓.▓)▓.▓)▓
▓|▓.▓.▓.▓.▓.▓§▓
▓)▓.▓.▓(▓.▓.▓5▓
▓.▓.▓.▓.▓∩▓.▓c▓
▓.▓.▓.▓.▓.▓.▓D▓


You could see an eight-headed hydra, a yaktaur and a crimson imp.

Vanquished Creatures
  An orc knight (D)
  6 orc sorcerers (D)
  A cyclops (D)
  3 elephants (D)
  A spiny frog (D)
  A rime drake (D)
  A komodo dragon (D)
  A blink frog (D)
  A hippogriff (D)
  3 wraiths (D)
  A yak (D)
  A basilisk (D)
  2 water moccasins (D)
  5 orc warriors (D)
  A black bear (D)
  A centaur (D)
  A crocodile (D)
  2 bullfrogs (D)
  A scorpion (D)
  A wight (D)
  4 orc priests (D)
  A hound (D)
  10 orc wizards (D)
  An iguana (D)
  2 worker ants (D)
  An ooze (D)
  An adder skeleton (D)
  An adder simulacrum (D)
  6 orcs (D)
  A bat skeleton (D)
  A goblin (D)
  2 hobgoblins (D)
  A bat (D)
  A frilled lizard (D)
  A leopard gecko skeleton (D)
  A quokka zombie (D)
70 creatures vanquished.

Vanquished Creatures (others)
  An elephant (D)
  A spiny frog (D)
  A hippogriff (D)
  An orc warrior (D)
  A crimson imp (D)
5 creatures vanquished.

Grand Total: 75 creatures vanquished

Notes
Turn   | Place    | Note
-------+----------+-------------------------------------------
     0 | D        | diana the Demigod Gladiator began the quest for the Orb.
     0 | D        | Reached XP level 1. HP: 17/17 MP: 3/3
     7 | D        | Reached skill level 1 in Stealth
   107 | D        | Noticed an orc wizard
   114 | D        | Killed an orc wizard
   114 | D        | Reached skill level 3 in Stealth
   114 | D        | Reached XP level 2. HP: 18/27 MP: 4/4
   114 | D        | Reached XP level 3. HP: 22/33 MP: 5/5
   183 | D        | Found a roughly hewn altar of Beogh.
   183 | D        | Found a snail-covered altar of Cheibriados.
   183 | D        | Found a shadowy altar of Dithmenos.
   183 | D        | Found a white marble altar of Elyvilon.
   183 | D        | Found a blossoming altar of Fedhas.
   183 | D        | Found an opulent altar of Gozag.
   184 | D        | Found a hazy altar of Hepliaklqana.
   185 | D        | Found a viscous altar of Jiyva.
   186 | D        | Found an ancient bone altar of Kikubaaqudgha.
   187 | D        | Found a corrupted altar of Lugonu.
   188 | D        | Found a burning altar of Makhleb.
   189 | D        | Found a sparkling altar of Nemelex Xobeh.
   190 | D        | Found an iron altar of Okawaru.
   191 | D        | Found a stormy altar of Qazlal.
   192 | D        | Found a sacrificial altar of Ru.
   193 | D        | Found a deep blue altar of Sif Muna.
   194 | D        | Found a bloodstained altar of Trog.
   195 | D        | Found a hide-covered altar of Uskayaw.
   196 | D        | Found a radiant altar of Vehumet.
   197 | D        | Found an ornate altar of the Wu Jian Council.
   198 | D        | Found a shimmering altar of Xom.
   199 | D        | Found a basalt altar of Yredelemnul.
   200 | D        | Found a glowing silver altar of Zin.
   201 | D        | Found a glowing golden altar of the Shining One.
   253 | D        | Noticed a wraith
   253 | D        | Noticed a hungry ghost
   253 | D        | Noticed a scorpion
   255 | D        | Killed a wraith
   255 | D        | Reached skill level 6 in Stealth
   255 | D        | Reached XP level 4. HP: 44/44 MP: 6/6
   255 | D        | Reached XP level 5. HP: 50/50 MP: 7/7
   279 | D        | Reached skill level 7 in Stealth
   337 | D        | Noticed a hippogriff
   344 | D        | Reached XP level 6. HP: 59/60 MP: 8/8
   348 | D        | Reached skill level 8 in Stealth
   357 | D        | Killed a hippogriff
   357 | D        | Reached skill level 9 in Stealth
   593 | D        | Gained mutation: You are resistant to electric shocks.
                  | (rElec) [potion of mutation]
   593 | D        | Gained mutation: You are clumsy. (Dex -2) [potion of
                  | mutation]
   593 | D        | Gained mutation: You have very sharp teeth. [potion of
                  | mutation]
   594 | D        | Lost mutation: You are resistant to electric shocks.
                  | (rElec) [potion of mutation]
   594 | D        | Lost mutation: You are clumsy. (Dex -2) [potion of
                  | mutation]
   594 | D        | Gained mutation: Your mind is acute. (Int +2) [potion of
                  | mutation]
   594 | D        | Gained mutation: You are resistant to hostile enchantments.
                  | (MR+) [potion of mutation]
   594 | D        | Gained mutation: Your muscles are strong. (Str +2) [potion
                  | of mutation]
   595 | D        | Noticed a rime drake
   595 | D        | Noticed a spiny frog
   595 | D        | Noticed a spiny frog
   595 | D        | Noticed a komodo dragon
   595 | D        | Noticed a basilisk
   596 | D        | Noticed a spiny frog
   597 | D        | Killed a rime drake
   597 | D        | Reached XP level 7. HP: 70/70 MP: 9/9
   598 | D        | Noticed a hippogriff
   599 | D        | Killed a spiny frog
   599 | D        | Reached skill level 10 in Short Blades
   599 | D        | Reached skill level 10 in Stealth
   604 | D        | Noticed a komodo dragon
   940 | D        | Killed a basilisk
   940 | D        | Reached skill level 10 in Fighting
   940 | D        | Reached XP level 8. HP: 50/79 MP: 10/10
   947 | D        | Banished a hippogriff
   947 | D        | Reached skill level 11 in Stealth
  1201 | D        | Noticed a polar bear
  1201 | D        | Noticed a spiny frog
  1277 | D        | Noticed a blink frog
  1284 | D        | Noticed a komodo dragon
  1287 | D        | Killed a blink frog
  1525 | D        | Banished a spiny frog
  1645 | D        | Noticed an elephant
  1645 | D        | Noticed an elephant
  1645 | D        | Noticed a dire elephant
  1645 | D        | Noticed an elephant
  1645 | D        | Noticed an elephant
  1645 | D        | Noticed an elephant
  1648 | D        | Noticed an elephant
  1649 | D        | Killed an elephant
  1649 | D        | Reached skill level 12 in Stealth
  1649 | D        | Reached XP level 9. HP: 89/89 MP: 11/11
  1770 | D        | Noticed an elephant
  2049 | D        | Banished an elephant
  2056 | D        | Killed an elephant
  2065 | D        | Killed an elephant
  2403 | D        | Noticed Sonja
  2411 | D        | Banished Sonja
  2411 | D        | Reached skill level 13 in Stealth
  2506 | D        | Noticed an orc knight
  2522 | D        | Killed an orc knight
  2887 | D        | Noticed an orc knight
  2892 | D        | Reached XP level 10. HP: 100/100 MP: 13/13
  2908 | D        | Noticed an orc sorcerer
  2932 | D        | Noticed an orc knight
  2933 | D        | Killed an orc sorcerer
  2971 | D        | Reached skill level 14 in Stealth
  3521 | D        | Found Mola's Antique Weapon Emporium.
  3521 | D        | Noticed an orc sorcerer
  3521 | D        | Noticed an orc sorcerer
  3521 | D        | Noticed an orc sorcerer
  3522 | D        | Noticed an orc sorcerer
  3529 | D        | Found Fotir's Weapon Shoppe.
  3535 | D        | Killed an orc sorcerer
  3540 | D        | Paralysed by an orc sorcerer for 5 turns
  3542 | D        | Noticed a sun demon
  3544 | D        | Noticed a sun demon
  3549 | D        | Killed an orc sorcerer
  3550 | D        | Killed an orc sorcerer
  3558 | D        | Killed an orc sorcerer
  3594 | D        | Found Sonacrav's General Store.
  3598 | D        | Found Amom's Magic Scroll Shoppe.
  3770 | D        | Noticed an orc sorcerer
  3778 | D        | Killed an orc sorcerer
  3783 | D        | Bought a scroll of blinking for 97 gold pieces
  3783 | D        | Bought a scroll of enchant weapon for 97 gold pieces
  3783 | D        | Bought a scroll of enchant armour for 97 gold pieces
  3783 | D        | Bought a scroll of enchant armour for 97 gold pieces
  3785 | D        | Bought a potion of heal wounds for 70 gold pieces
  4036 | D        | Reached skill level 15 in Stealth
  4244 | D        | Noticed a cyclops
  4245 | D        | Noticed an eight-headed hydra
  4251 | D        | Noticed an ice dragon
  4252 | D        | Killed a cyclops
  4270 | D        | Noticed a deep troll shaman
  4272 | D        | Slain by an eight-headed hydra

Skill      XL: |  1  2  3  4  5  6  7  8  9 10 |
---------------+-------------------------------+-----
Fighting       | 3 6 7 9 10 11 12 14 | 14.3
Stealth        | 3 6 7 9 10 12 13 15 | 15.3
Short Blades   | 4 6 7 9 10 11 12 14 | 14.1
Throwing       | |  1.7
Dodging        | |  2.6

Action                   |  1- 3 |  4- 6 |  7- 9 | 10-12 || total
-------------------------+-------+-------+-------+-------++-------
Melee: Rapier            |    27 |    32 |   123 |    80 ||   262
       Bite              |       |       |    24 |    20 ||    44
       Quick blade       |       |       |       |    24 ||    24
Evoke: Wand              |       |       |       |     5 ||     5
  Use: Potion            |       |     2 |       |     2 ||     4
       Scroll            |       |       |     1 |     1 ||     2
 Stab: Sleeping          |     1 |     1 |     8 |     6 ||    16
       Distracted        |       |       |     1 |       ||     1
  Eat: Ration            |       |       |     2 |     1 ||     3
Armor: Leather armour    |     2 |     5 |    20 |    17 ||    44
Dodge: Dodged            |    14 |    12 |    40 |    35 ||   101
